 Dungeon Crawl Stone Soup version 0.14-a0-1721-g84c87b2 (webtiles) character file.

1124 Psiweapon the Sneak (level 8, -9/52 HPs)
             Began as an Octopode Artificer on Jan 2, 2014.
             Was an Initiate of Nemelex Xobeh.
             Killed from afar by an orc wizard (10 damage)
             ... with a puff of flame
             ... on Level 6 of the Dungeon on Jan 3, 2014.
             The game lasted 00:33:50 (6589 turns).

Psiweapon the Sneak (Octopode Artificer)            Turns: 6589, Time: 00:33:50

HP  -9/52        AC  1     Str 11      XL: 8   Next: 11%
MP  15/15        EV 14     Int 14      God: Nemelex Xobeh [......]
Gold 196         SH  0     Dex 14      Spells:  0 memorised,  7 levels left

rFire  . . .     SeeInvis .     H - +2,+0 dwarf cutlass
rCold  . . .     Clarity  .     (no shield)
rNeg   . . .     Conserve .     (helmet restricted)
rPois  .         rCorr    .     (no amulet)
rElec  .         rRot     .     (no ring)
SustAb . .       Spirit   .     (no ring)
rMut   .         Warding  .     (no ring)
Saprov . . .     Stasis   .     (no ring)
                                (no ring)
                                (no ring)
                                (no ring)
                                (no ring)

@: drained, slightly resistant to hostile enchantments, very stealthy
A: almost no armour, amphibious, 8 rings, constrict 8, camouflage 1, gelatinous
body 1
a: Renounce Religion


You were on level 6 of the Dungeon.
You worshipped Nemelex Xobeh.
Nemelex Xobeh was noncommittal.
You were not hungry.

You visited 2 branches of the dungeon, and saw 7 of its levels.

You collected 196 gold pieces.

Inventory:

Hand weapons
 a - a +0,+0 short sword
 q - a +0,+0 elven dagger
 t - a +1,+1 whip of freezing
 z - a +2,+2 spear of chaos
 G - a +2,+1 short sword of speed
 H - a +2,+0 dwarven cutlass (weapon)
 P - a +2,+2 whip of venom
 Q - a +1,+0 elven long sword
Missiles
 m - 27 poisoned needles
 n - 12 exploding sling bullets
 J - 8 sling bullets
Magical devices
 b - a wand of flame (2)
 c - a wand of enslavement (0)
 d - a wand of random effects (0)
 x - a wand of heal wounds (2)
 B - a wand of teleportation (0)
 C - a wand of slowing (4)
 D - a wand of polymorph (0)
 M - a wand of teleportation (5)
Comestibles
 f - 4 bread rations
 j - 3 meat rations
 A - an apple
 T - a chunk of worker ant flesh
 U - a chunk of adder flesh
 V - 2 chunks of hobgoblin flesh
Scrolls
 i - a scroll of random uselessness {unknown}
 k - 2 scrolls of identify
 o - 3 scrolls of immolation
 p - a scroll of fog {unknown}
 r - 5 scrolls of remove curse
 s - a scroll of curse weapon {unknown}
 u - 2 scrolls of blinking
 v - 2 scrolls of teleportation
 F - 4 scrolls of enchant weapon I
 L - a scroll of curse jewellery {unknown}
 W - a scroll of enchant weapon II {unknown}
Potions
 e - a potion of cure mutation {unknown}
 g - a potion of mutation {unknown}
 l - 2 potions of curing {unknown}
 w - a potion of poison {unknown}
 I - a potion of restore abilities {unknown}
 K - a potion of might {unknown}
 N - 3 potions of brilliance {unknown}
 O - a potion of magic {unknown}
Miscellaneous
 E - a plain deck of destruction


   Skills:
 + Level 3.5(3.4) Fighting
 + Level 3.8(3.7) Short Blades
 + Level 5.2(5.1) Dodging
 + Level 5.9(5.8) Stealth
 - Level 5.2(5.1) Evocations


You had 7 spell levels left.
You didn't know any spells.

Dungeon Overview and Level Annotations

Branches:
Dungeon (6/16)             Temple (1/1) D:5

Altars:
Ashenzari
Cheibriados
Fedhas
Nemelex Xobeh
Sif Muna
Trog
Xom
Yredelemnul
Zin
the Shining One

Annotations:
D:4 exclusion: ogre
D:5 1 exclusion
D:6 1 exclusion


Innate Abilities, Weirdness & Mutations

You cannot wear most types of armour.
You are amphibious.
You can wear up to eight rings at the same time.
You can use your tentacles to constrict many enemies at once.
Your skin changes colour to match your surroundings (Stlth).
Your rubbery body absorbs attacks (AC +1).


Message History

The puff of flame hits you!
Your scroll of amnesia catches fire!
One of your 5 scrolls of enchant weapon I catches fire!
You miss it.
The orc hits you with an orcish short sword!
It hits you but does no damage.
You hit it but do no damage. You squeeze it. It hits you.
The orc hits you with an orcish short sword!
* * * LOW HITPOINT WARNING * * *
You hit it. You squeeze it.
You hear some strange, mumbled words.
The puff of flame hits you!
* * * LOW HITPOINT WARNING * * *
The orc hits you with an orcish short sword.
* * * LOW HITPOINT WARNING * * *
Evoke which item? (* to show all) (? for menu, Esc to quit)
This wand has no charges.
You hear some strange, mumbled words.
The puff of flame hits you!
You die...
Your body disappears without a glow.

#.# #.# ## #.# #.
#.# #.#
####.####.##
###..........#
#...)........#
#.#.##o#####.###..#
# #.@..........#
############... ##
..


You could see an orc.

Vanquished Creatures
  Grinder (D:5)
  A phantom (D:5)
  An ogre (D:4)
  A crimson imp (D:5)
  An orc priest (D:6)
  3 hounds (D:4)
  2 orc wizards
  A worker ant (D:6)
  An iguana (D:6)
  Ijyb (D:3)
  Jessica (D:3)
  6 gnolls
  7 adders
  3 giant mites
  3 worms
  2 giant eyeballs
  6 giant geckos
  2 oozes
  12 orcs
  2 ball pythons
  6 bats
  5 giant cockroaches
  7 hobgoblins
  2 quokkas
  6 giant newts
  14 goblins
  10 jackals
  7 kobolds
  8 rats
122 creatures vanquished.

Vanquished Creatures (collateral kills)
  An orc wizard (D:4)
  A gnoll (D:2)
  A worm (D:4)
  An ooze (D:2)
  A goblin (D:4)
  2 hobgoblins (D:4)
  A kobold (D:3)
8 creatures vanquished.

Grand Total: 130 creatures vanquished

Notes
Turn   | Place    | Note
--------------------------------------------------------------
     0 | D:1      | Psiweapon, the Octopode Artificer, began the quest for the Orb.
     0 | D:1      | Reached XP level 1. HP: 13/13 MP: 1/1
   112 | D:1      | Reached XP level 2. HP: 9/18 MP: 3/3
   666 | D:1      | Reached XP level 3. HP: 6/23 MP: 4/4
  1086 | D:2      | Reached skill level 4 in Evocations
  1185 | D:2      | Reached XP level 4. HP: 28/28 MP: 6/6
  2111 | D:2      | Reached XP level 5. HP: 21/33 MP: 8/8
  2780 | D:3      | Noticed Ijyb
  3218 | D:4      | Noticed a phantom
  3243 | D:3      | Noticed Jessica
  3302 | D:3      | Killed Ijyb
  3303 | D:3      | Killed Jessica
  3911 | D:5      | Entered Level 5 of the Dungeon
  3991 | D:4      | Reached XP level 6. HP: 39/39 MP: 10/10
  4244 | D:4      | Noticed a porcupine
  4244 | D:4      | an orc priest changed into a porcupine
  4305 | D:4      | Noticed an ogre
  4756 | D:4      | Reached XP level 7. HP: 42/45 MP: 12/12
  4865 | D:5      | Found a shimmering altar of Xom.
  4930 | D:5      | Noticed Grinder
  4942 | D:5      | Paralysed by Grinder for 4 turns
  4952 | D:5      | Killed Grinder
  4952 | D:5      | Reached skill level 5 in Stealth
  4952 | D:5      | Reached skill level 5 in Evocations
  4996 | D:5      | Found a staircase to the Ecumenical Temple.
  5002 | Temple   | Entered the Ecumenical Temple
  5068 | Temple   | Became a worshipper of Nemelex Xobeh
  5123 | D:5      | Received a gift from Nemelex Xobeh
  5407 | D:5      | Killed a phantom
  5565 | D:5      | Reached skill level 5 in Dodging
  6156 | D:6      | Reached XP level 8. HP: 26/52 MP: 15/15
  6588 | D:6      | HP: 1/52 [orc/orcish short sword (4)]
  6589 | D:6      | Killed from afar by an orc wizard

Action                   |  1- 3 |  4- 6 |  7- 9 || total
-------------------------+-------+-------+-------++-------
Melee: Short sword       |    48 |    27 |       ||    75
       Dagger            |     7 |    56 |     1 ||    64
       Cutlass           |       |    84 |    96 ||   180
       Whip              |       |    11 |       ||    11
Evoke: Wand              |     3 |    41 |    12 ||    56
  Use: Scroll            |       |     3 |     2 ||     5
       Potion            |       |       |     1 ||     1
 Stab: Sleeping          |     6 |     4 |     3 ||    13
       Distracted        |       |     1 |       ||     1
